 Dungeon Crawl Stone Soup version 0.20.0-15-g7f486f2 (webtiles) character file.

109753 Chiseanne the Unseen (level 16, 0/81 HPs)
             Began as a Spriggan Warper on June 25, 2017.
             Was an Initiate of Gozag.
             Slain by an entropy weaver (11 damage)
             ... on level 2 of the Spider Nest.
             The game lasted 02:15:55 (35784 turns).

Chiseanne the Unseen (Spriggan Warper)             Turns: 35784, Time: 02:15:55

Health: 0/81       AC: -3    Str: 12    XL:     16   Next: 5%
Magic:  0/43       EV: 29    Int: 24    God:    Gozag
Gold:   2247       SH:  0    Dex: 18    Spells: 5/42 levels left

rFire    + + +     SeeInvis +   a - +4 arc blade {discharge, rElec}
rCold    + . .     Gourm    +   (shield restricted)
rNeg     + . .     Faith    .   x - +3 troll leather armour
rPois    +         Spirit   +   A - +2 hat of the Bear Spirit {Spirit, +Rage rN+ MR++}
rElec    +         Reflect  .   p - +1 cloak {rPois}
rCorr    .         Harm     .   (gloves unavailable)
MR       +++++                  (boots unavailable)
Stlth    ++++++....             b - amulet "Xoxomm" {Gourm MR+ Slay+5}
Regen    1.7/turn               U - ring "Soavvet" {*Contam rF+++ MP+9 Int+5 Slay+3}
MPRegen  0.3/turn               F - ring "Sotaxty" {rC+ Str+5}

@: lethally poisoned (0 -> -12), corroded, regenerating, very quick
A: unfitting armour, see invisible, herbivore 3, speed 3, slow metabolism 2
a: Potion Petition, Call Merchant, Bribe Branch, Renounce Religion, Evoke
Berserk Rage


You were on level 2 of the Spider Nest.
You worshipped Gozag.
Gozag was most pleased with you.
You were not hungry.

You visited 5 branches of the dungeon, and saw 27 of its levels.
You visited 1 bazaar.
You also visited: Bailey and Ice Cave.

You collected 13247 gold pieces.
You spent 4296 gold pieces at shops.
You paid 6704 gold pieces to Gozag.

Inventory:

Hand Weapons
 a - the +4 arc blade (weapon) {discharge, rElec}
   (You found it in an ice cave)

   It insulates you from electricity.
 s - a +2 lajatang of protection
 w - a +0 blowgun
Missiles
 c - 382 arrows
 g - 3 needles of frenzy
 r - 6 throwing nets (quivered) {!*}
 y - 13 poisoned needles
 Z - 8 curare-tipped needles
Armour
 m - a +0 buckler
 p - a +1 cloak of poison resistance (worn)
 x - a +3 troll leather armour (worn)
 A - the +2 hat of the Bear Spirit (worn) {Spirit, +Rage rN+ MR++}
   (You bought it in a shop on level 10 of the Dungeon)

   It protects you from negative energy.
   It affects your resistance to hostile enchantments.
   It lets you go berserk.
Magical Staves
 l - an uncursed staff of energy
Jewellery
 b - the amulet "Xoxomm" (around neck) {Gourm MR+ Slay+5}
   (You bought it in a shop on level 10 of the Dungeon)

   [amulet of the gourmand]

   It allows you to eat raw meat even when not hungry.
   It affects your accuracy and damage with ranged weapons and melee attacks
   (+5).
   It affects your resistance to hostile enchantments.
 q - an uncursed ring of protection from fire
 F - the ring "Sotaxty" (right hand) {rC+ Str+5}
   (You bought it in a shop on level 10 of the Dungeon)

   [ring of protection from cold]

   It affects your strength (+5).
   It protects you from cold.
 R - an uncursed ring of flight
 U - the ring "Soavvet" (left hand) {*Contam rF+++ MP+9 Int+5 Slay+3}
   (You bought it in a shop in a bazaar)

   [ring of intelligence]

   It affects your intelligence (+5).
   It affects your accuracy and damage with ranged weapons and melee attacks
   (+3).
   It renders you almost immune to fire.
   It affects your magic capacity (+9).
   It causes magical contamination when unequipped.
Wands
 e - a wand of iceblast (3/15)
 I - a wand of lightning (9/15)
 Q - a wand of confusion (22/48)
 V - a wand of iceblast (3/15)
 Y - a wand of digging (12/24)
Scrolls
 j - 6 scrolls of fear
 B - 2 scrolls of immolation
 C - 7 scrolls of remove curse
 E - 3 scrolls of blinking
 G - 2 scrolls of recharging
 J - a scroll of fog
 L - 7 scrolls of identify
 W - 9 scrolls of teleportation
Potions
 k - a potion of agility
 o - 5 potions of curing
 D - 4 potions of flight
 M - 2 potions of magic
 O - 2 potions of resistance
 S - a potion of cancellation
 T - 3 potions of heal wounds
Miscellaneous
 d - a lightning rod (4/4)
Comestibles
 f - 15 bread rations
 h - 11 royal jellies


   Skills:
 - Level 8.1 Fighting
 * Level 11.0 Short Blades
   Level 5.0 Maces & Flails
 - Level 1.0 Throwing
 - Level 7.7 Armour
 - Level 13.7 Dodging
 - Level 15.0 Stealth
 - Level 13.5 Spellcasting
 * Level 8.3 Hexes
 - Level 10.2 Charms
 * Level 3.5 Necromancy
 - Level 10.0 Translocations
 * Level 4.9 Transmutations
 - Level 10.1 Evocations


You had 5 spell levels left.
You knew the following spells:

 Your Spells              Type           Power        Failure   Level  Hunger
a - Blink                 Tloc           N/A          1%          2    None
b - Regeneration          Chrm/Necr      #####.....   1%          3    None
c - Shroud of Golubria    Chrm/Tloc      ######....   1%          2    None
d - Passage of Golubria   Tloc           N/A          1%          4    None
e - Lesser Beckoning      Tloc           ######....   1%          3    None
f - Gell's Gravitas       Tloc           ######....   1%          3    None
g - Sticks to Snakes      Tmut           #####...     1%          2    None
h - Teleport Other        Tloc           ######..     1%          3    None
i - Apportation           Tloc           ######       1%          1    None
j - Confusing Touch       Hex            ######       1%          1    None
k - Cause Fear            Hex            ######....   1%          4    None
l - Confuse               Hex            ######..     1%          3    None
m - Tukima's Dance        Hex            ######..     1%          3    None
n - Dazzling Spray        Conj/Hex       #####.       2%          3    None


Dungeon Overview and Level Annotations

Branches:
Dungeon (15/15)            Temple (1/1) D:5            Lair (6/6) D:10
 Shoals (0/4) Lair:2       Spider (3/4) Lair:4        Slime (0/5) Lair:6
    Orc (2/2) D:12            Elf (0/3) Orc:2        Vaults (0/5) D:13
 Depths (0/5) D:15

Altars:
Ashenzari
Cheibriados
Dithmenos
Elyvilon
Fedhas
Gozag
Hepliaklqana
Kikubaaqudgha
Makhleb
Nemelex Xobeh
Okawaru
Qazlal
Ru
Sif Muna
Trog
Uskayaw
Vehumet
Xom
Yredelemnul
Zin
The Shining One
Jiyva

Shops:
D:7 [   D:10 [=[=(   D:13 [   Orc:2 [:(*[

Annotations:
D:4 exclusion: upstairs
D:5 KleinerIrrer's ghost, amateur NaGl
D:10 exclusion: downstairs
D:12 exclusion: upstairs
D:14 Roxanne
Lair:2 exclusion: oklob plant
Lair:3 Rupert
Lair:5 Timinator's ghost, journeyman DsAs
Orc:2 exclusions: upstairs and 1 more exclusion


Innate Abilities, Weirdness & Mutations

You are very small and have problems with some larger weapons.
You are too small for most types of armour.
You have supernaturally acute eyesight. (SInv)
You are a herbivore.
You cover ground extremely quickly.
You need consume almost no food.


Message History

The redback poisons you! The entropy weaver misses you.
The entropy weaver hits you.
* * * LOW HITPOINT WARNING * * *
The entropy weaver hits you.
* * * LOW HITPOINT WARNING * * *
The entropy weaver completely misses you.
You hit the entropy weaver but do no damage.
The entropy weaver is almost dead.
* * * LOW HITPOINT WARNING * * *
You feel very sick. The redback misses you. The redback bites you!
* * * LOW HITPOINT WARNING * * *
You feel better. The redback bites you!
* * * LOW HITPOINT WARNING * * *
You are lethally poisoned!
The redback poisons you! The entropy weaver misses you. x2
The entropy weaver completely misses you.
The entropy weaver hits you!
You die...
Your body crumbles into a pile of gold.

...##.##...#....####
#.....>.#.......#
...........##...#
#......#........##
................#
##....#........## #
##....>.#.....###
..#.......sas.###
...^......#@..#
..#.....<.#####
..........#
....#.#......# .....
#......# ...
#......# ###
....#..# .#.....##
..##...##


You could see an entropy weaver and 2 redbacks.

Vanquished Creatures
  Agnes (D:14)
  Donald (Spider:1)
  A frost giant (IceCv)
  An orc warlord (Orc:1)
  A juggernaut zombie (D:15)
  Louise (D:14)
  An entropy weaver (Spider:2)
  Nessos (Lair:6)
  An ogre mage (D:14)
  7 hydras
  A catoblepas (Lair:6)
  A merfolk avatar (Lair:6)
  9 two-headed ogres
  5 centaur warriors
  8 death yaks
  A tengu warrior (D:14)
  A vampire mage (D:15)
  3 orc high priests (Orc:2)
  Sonja (D:15)
  6 skeletal warriors
  A sea snake (Lair:6)
  A wizard (D:15)
  3 unseen horrors
  A necromancer (D:15)
  5 orc knights
  3 wolf spiders (Spider:1)
  3 manticores
  6 ugly things
  An orb spider (Spider:1)
  A deep elf mage (D:12)
  4 orc sorcerers (Orc:2)
  A fire giant zombie (D:15)
  A tengu skeleton (D:15)
  5 centaur zombies
  2 cyclopes
  12 elephants (Lair:6)
  2 black mambas
  A gargoyle (D:10)
  12 spiny frogs
  5 rime drakes
  9 komodo dragons
  2 tengu conjurers (D:15)
  5 trolls
  A queen bee (D:9)
  3 hornets
  22 polar bears
  A wolf spider simulacrum (D:15)
  A wind drake (Lair:6)
  Grinder (D:4)
  8 jumping spiders
  A meliai zombie (D:14)
  5 slime creatures
  8 hippogriffs
  12 blink frogs
  16 redbacks
  3 wraiths
  6 tarantellas
  37 yaks
  A vampire (D:14)
  8 wyverns
  6 basilisks
  16 humans (D:13)
  13 vampire mosquitoes
  3 hungry ghosts
  A steam dragon (D:7)
  2 acid dragons (D:14)
  8 water moccasins
  10 porcupines
  36 orc warriors
  2 sky beasts
  3 ice beasts
  2 eyes of draining
  2 phantoms
  A hornet zombie (D:12)
  11 ogres
  4 black bears
  5 boggarts (D:15)
  9 wolves (IceCv)
  9 centaurs
  5 crocodiles
  Blork the orc (D:4)
  23 bullfrogs
  A wyvern zombie (D:11)
  8 gnoll sergeants (Bailey)
  4 scorpions
  33 killer bees
  7 howler monkeys
  2 vampire bats
  4 crimson imps
  4 bullfrog zombies
  21 orc priests
  A quasit (D:9)
  8 hounds
  21 orc wizards
  5 jellies
  3 bullfrog skeletons
  3 centaur skeletons
  Crazy Yiuf (D:4)
  6 gnoll shamans (Bailey)
  5 iguanas
  6 hell rats
  15 worker ants
  2 hound zombies
  A hound skeleton (D:10)
  10 adders
  14 gnolls (Bailey)
  5 river rats (Lair:4)
  6 shadow imps
  10 white imps (Lair:6)
  9 oozes (D:3)
  5 adder skeletons
  2 worms
  2 dart slugs
  3 leopard geckos (D:4)
  76 orcs
  5 bats
  2 bat skeletons (D:3)
  4 bat zombies (D:3)
  2 giant cockroaches
  9 goblins
  3 hobgoblins
  23 jackals
  6 quokkas
  2 ball pythons
  6 frilled lizards
  14 kobolds
  A leopard gecko zombie (D:6)
  A quokka skeleton (D:5)
  A quokka zombie (D:7)
  12 rats
  5 withered plants (D:15)
843 creatures vanquished.

Vanquished Creatures (collateral kills)
  A komodo dragon (Lair:3)
  3 yaks (Lair:3)
  A crocodile (Lair:3)
5 creatures vanquished.

Vanquished Creatures (others)
  A spiny frog (Lair:3)
  2 polar bears (IceCv)
  A blink frog (Lair:3)
  6 yaks
  2 vampire mosquitoes (D:14)
  5 wolves (IceCv)
  A howler monkey (D:7)
  2 white imps (Lair:6)
  A bush (Lair:2)
  17 fungi
  28 plants
  9 toadstools (D:3)
  A withered plant (D:15)
76 creatures vanquished.

Grand Total: 924 creatures vanquished

Notes
Turn   | Place    | Note
-------+----------+-------------------------------------------
     0 | D:1      | Chiseanne the Spriggan Warper began the quest for the Orb.
     0 | D:1      | Reached XP level 1. HP: 10/10 MP: 5/5
   788 | D:1      | Reached skill level 1 in Stealth
   788 | D:1      | Reached XP level 2. HP: 15/15 MP: 6/6
  1661 | D:2      | Reached XP level 3. HP: 2/18 MP: 8/8
  1911 | D:2      | Reached skill level 2 in Stealth
  3129 | D:3      | Reached XP level 4. HP: 23/23 MP: 8/10
  3796 | D:3      | Reached skill level 3 in Stealth
  4122 | D:3      | Reached skill level 5 in Dodging
  4122 | D:3      | Reached XP level 5. HP: 6/27 MP: 12/12
  4565 | D:3      | Learned a level 2 spell: Blink
  4568 | D:3      | Learned a level 2 spell: Shroud of Golubria
  4572 | D:3      | Learned a level 3 spell: Teleport Other
  4577 | D:3      | Learned a level 4 spell: Passage of Golubria
  4658 | D:3      | Found an ancient bone altar of Kikubaaqudgha.
  4969 | D:3      | Reached skill level 4 in Stealth
  5147 | D:3      | Reached XP level 6. HP: 32/32 MP: 12/14
  5277 | D:4      | You fall through a shaft for 3 floors!
  5327 | D:7      | Found an iron altar of Okawaru.
  5354 | D:7      | Reached skill level 5 in Spellcasting
  5381 | D:7      | Noticed a steam dragon
  5566 | D:5      | Entered Level 5 of the Dungeon
  5774 | D:5      | Reached skill level 5 in Stealth
  6054 | D:5      | Found a staircase to the Ecumenical Temple.
  6061 | Temple   | Entered the Ecumenical Temple
  6068 | Temple   | Became a worshipper of Gozag Ym Sagoz the Greedy
  6345 | D:4      | Noticed Grinder
  6382 | D:4      | Reached XP level 7. HP: 36/36 MP: 15/15
  6559 | D:4      | Learned a level 3 spell: Lesser Beckoning
  6772 | D:4      | Found a runed door.
  7086 | D:4      | Got an ancient quarterstaff
  7229 | D:4      | Noticed Blork the orc
  7235 | D:4      | Killed Blork the orc
  7526 | D:4      | Noticed Crazy Yiuf
  7565 | D:4      | Killed Crazy Yiuf
  7565 | D:4      | Reached skill level 6 in Stealth
  7613 | D:4      | Learned a level 3 spell: Gell's Gravitas
  7742 | D:4      | Killed Grinder
  7847 | D:3      | Reached XP level 8. HP: 42/42 MP: 18/18
  8002 | D:5      | Identified the +1 quarterstaff "Cerot" {speed, *Rage rPois rN++ MP+9} (You found it on level 4 of the Dungeon)
  8179 | D:5      | Reached skill level 7 in Stealth
  8724 | D:5      | Noticed KleinerIrrer's ghost (amateur NaGl)
  9448 | D:6      | Found a glowing silver altar of Zin.
  9617 | D:6      | Reached skill level 8 in Stealth
 10157 | D:6      | Reached skill level 5 in Fighting
 10292 | D:6      | Reached XP level 9. HP: 42/47 MP: 21/21
 10655 | D:7      | Reached skill level 9 in Stealth
 10937 | D:7      | Reached skill level 1 in Maces & Flails
 11063 | D:7      | Found a hide-covered altar of Uskayaw.
 11177 | D:7      | Learned a level 2 spell: Sticks to Snakes
 11254 | D:8      | Reached skill level 10 in Dodging
 11346 | D:8      | Noticed a two-headed ogre
 11359 | D:8      | Killed a two-headed ogre
 11359 | D:8      | Reached skill level 10 in Stealth
 11566 | D:8      | Found a shimmering altar of Xom.
 11567 | D:8      | Found a burning altar of Makhleb.
 11569 | D:8      | Found a glowing golden altar of the Shining One.
 11570 | D:8      | Found a deep blue altar of Sif Muna.
 12470 | D:8      | Reached XP level 10. HP: 51/51 MP: 24/24
 12612 | D:9      | Found a bloodstained altar of Trog.
 12633 | D:9      | Reached skill level 11 in Stealth
 12651 | D:9      | Found a sacrificial altar of Ru.
 13135 | D:10     | Entered Level 10 of the Dungeon
 13816 | D:9      | Found a sparkling altar of Nemelex Xobeh.
 13889 | D:9      | Noticed a brown ugly thing
 14044 | D:9      | Reached skill level 10 in Spellcasting
 14203 | D:9      | Reached skill level 12 in Stealth
 14492 | D:8      | Noticed a two-headed ogre
 14561 | D:8      | Killed a two-headed ogre
 14739 | D:10     | Noticed a death yak
 15505 | D:10     | Noticed a gargoyle
 15564 | D:10     | Got a dazzling war axe
 15570 | D:10     | Identified the +8 war axe of the Old World {chop, rC+} (You found it on level 10 of the Dungeon)
 15703 | D:10     | Noticed a two-headed ogre
 15740 | D:10     | Killed a two-headed ogre
 15740 | D:10     | Reached XP level 11. HP: 46/55 MP: 21/26
 16050 | D:10     | Noticed a death yak
 16077 | D:10     | Found a staircase to the Lair.
 16079 | D:10     | Noticed a death yak
 16120 | D:10     | Reached skill level 13 in Stealth
 17041 | D:10     | Noticed a two-headed ogre
 17092 | D:10     | Killed a two-headed ogre
 17345 | D:10     | Bought the +2 hat of the Bear Spirit {Spirit, +Rage rN+ MR++} for 547 gold pieces
 17656 | D:11     | Reached skill level 5 in Maces & Flails
 18426 | D:12     | Found a staircase to the Orcish Mines.
 18711 | Lair:1   | Entered Level 1 of the Lair of Beasts
 18801 | Lair:1   | Learned a level 1 spell: Apportation
 18805 | Lair:1   | Learned a level 3 spell: Regeneration
 18944 | Lair:1   | Reached skill level 14 in Stealth
 19571 | D:10     | Bought a +2 troll leather armour for 378 gold pieces
 19841 | Lair:1   | Reached skill level 1 in Armour
 19912 | Lair:1   | Reached XP level 12. HP: 61/61 MP: 27/29
 19957 | Lair:1   | Noticed a six-headed hydra
 20030 | Lair:1   | Killed a six-headed hydra
 20577 | Lair:2   | Found a blossoming altar of Fedhas.
 20706 | Lair:2   | Noticed a five-headed hydra
 20707 | Lair:2   | Found a staircase to the Shoals.
 21207 | Lair:3   | Reached skill level 15 in Stealth
 21283 | Lair:3   | Reached skill level 1 in Evocations
 21420 | Lair:3   | Noticed Rupert
 21764 | Lair:3   | Noticed a seven-headed hydra
 22616 | Lair:4   | Found a hole to the Spider Nest.
 22870 | Lair:4   | Identified a scroll of acquirement
 22971 | D:10     | Bought a fine robe for 165 gold pieces
 22981 | D:10     | Identified the +2 robe of the Sun {MR- Regen+ Str+2 SInv} (You bought it in a shop on level 10 of the Dungeon)
 22997 | D:10     | Bought the ring "Sotaxty" {rC+ Str+5} for 722 gold pieces
 23615 | Lair:4   | Reached skill level 5 in Evocations
 23875 | Lair:5   | Noticed a death yak
 23876 | Lair:5   | Noticed a death yak
 23886 | Lair:5   | Noticed a death yak
 23889 | Lair:5   | Noticed a death yak
 23906 | Lair:5   | Noticed Timinator's ghost (journeyman DsAs)
 23927 | Lair:5   | Noticed a death yak
 24832 | Lair:6   | Entered Level 6 of the Lair of Beasts
 24837 | Lair:6   | Found a frozen archway.
 24838 | Lair:6   | Noticed a four-headed hydra
 24841 | Lair:6   | Noticed Nessos
 24858 | Lair:6   | Killed Nessos
 24858 | Lair:6   | Reached XP level 13. HP: 60/67 MP: 26/31
 24912 | IceCv    | Entered an ice cave
 25576 | IceCv    | Reached skill level 5 in Translocations
 25947 | IceCv    | Noticed a frost giant
 26166 | IceCv    | Reached skill level 5 in Armour
 26284 | IceCv    | Killed a frost giant
 27128 | Lair:6   | Reached XP level 14. HP: 70/73 MP: 28/32
 27141 | Lair:6   | Reached skill level 5 in Short Blades
 27599 | Lair:6   | Found a staircase to the Slime Pits.
 27599 | Lair:6   | Found a viscous altar of Jiyva.
 27751 | Lair:6   | Reached skill level 10 in Evocations
 28520 | D:12     | Reached skill level 10 in Translocations
 28588 | D:12     | Reached skill level 1 in Charms
 28890 | D:12     | Found a white marble altar of Elyvilon.
 29714 | D:13     | Reached skill level 5 in Charms
 29753 | D:13     | Found a gate to the Vaults.
 30396 | D:14     | Found a flickering gateway to a bazaar.
 30399 | Bazaar   | Entered a bazaar
 30399 | Bazaar   | Found Sianwimn's Magic Scroll Shoppe.
 30399 | Bazaar   | Found Xeuluc's Assorted Antiques.
 30424 | Bazaar   | Found Gywoer's Assorted Antiques.
 30433 | Bazaar   | Found Himoic's Jewellery Shop.
 30441 | Bazaar   | Bought the ring "Soavvet" {*Contam rF+++ MP+9 Int+5 Slay+3} for 851 gold pieces
 30447 | Bazaar   | Learned a level 1 spell: Confusing Touch
 30454 | Bazaar   | Bought a glowing fluorescent wand for 60 gold pieces
 30454 | Bazaar   | Bought a scroll of identify for 30 gold pieces
 30472 | Bazaar   | Bought a scroll of identify for 18 gold pieces
 30574 | D:14     | Found a flagged portal.
 30583 | Bailey   | Entered a bailey
 30729 | Bailey   | Reached skill level 1 in Hexes
 30908 | Bailey   | Learned a level 4 spell: Cause Fear
 31139 | D:14     | Reached XP level 15. HP: 77/77 MP: 33/33
 31157 | D:14     | Noticed Agnes
 31164 | D:14     | Killed Agnes
 31318 | D:14     | Noticed Roxanne
 31385 | D:14     | Noticed Louise
 31387 | D:14     | Killed Louise
 31698 | D:15     | Entered Level 15 of the Dungeon
 31970 | D:15     | Reached skill level 5 in Hexes
 32018 | D:15     | Found a staircase to the Depths.
 32376 | D:15     | Noticed Sonja
 32379 | D:15     | Killed Sonja
 32608 | D:15     | Reached skill level 10 in Short Blades
 32629 | D:15     | Reached skill level 10 in Charms
 33231 | D:10     | Bought the amulet "Xoxomm" {Gourm MR+ Slay+5} for 1144 gold pieces
 33322 | Orc:1    | Entered Level 1 of the Orcish Mines
 33490 | Orc:2    | Entered Level 2 of the Orcish Mines
 33511 | Orc:1    | Reached skill level 1 in Transmutations
 33790 | Orc:2    | Found a staircase to the Elven Halls.
 33955 | Orc:1    | Reached skill level 1 in Necromancy
 34294 | Orc:2    | Noticed an orc warlord
 34392 | Orc:1    | Killed an orc warlord
 34953 | Orc:2    | Found Wiaphefau's General Store.
 34954 | Orc:2    | Found Lutwutuann's Book Shop.
 34955 | Orc:2    | Found Qutwemae's Antique Armour Boutique.
 34955 | Orc:2    | Found Rurut's Antique Weapon Boutique.
 34969 | Orc:2    | Bought a scroll of identify for 28 gold pieces
 34969 | Orc:2    | Bought a scroll of identify for 28 gold pieces
 34970 | Orc:2    | Bought a book of Maledictions for 325 gold pieces
 34976 | Orc:2    | Learned a level 3 spell: Confuse
 34980 | Orc:2    | Learned a level 3 spell: Tukima's Dance
 34987 | Orc:2    | Learned a level 3 spell: Dazzling Spray
 35114 | Orc:2    | Found Gaelily's Antique Armour Shop.
 35401 | Spider:1 | Entered Level 1 of the Spider Nest
 35697 | Spider:1 | Noticed Donald
 35714 | Spider:1 | Killed Donald
 35714 | Spider:1 | Reached XP level 16. HP: 78/81 MP: 34/34
 35784 | Spider:2 | Slain by an entropy weaver

Skill      XL: |  1  2  3  4  5  6  7  8  9 10 11 12 13 14 15 16 |
---------------+-------------------------------------------------+-----
Stealth        | 1 2 3 4 5 6 8 10 12 14 15 | 15.0
Dodging        | 4 5 6 7 9 10 12 13 | 13.7
Spellcasting   | 3 4 5 6 7 9 10 12 13 | 13.5
Fighting       | 2 3 4 5 6 7 8 |  8.1
Maces & Flails | 2 4 5 |  5.0
Armour         | 1 4 5 7 |  7.7
Evocations     | 5 9 10 | 10.1
Translocations | 8 10 | 10.0
Short Blades   | 4 8 10 11 | 11.0
Charms         | 7 10 | 10.2
Hexes          | 2 8 |  8.3
Transmutations | 4 |  4.9
Necromancy     | 3 |  3.5
Throwing       | |  1.0

Action                   |  1- 3 |  4- 6 |  7- 9 | 10-12 | 13-15 | 16-18 || total
-------------------------+-------+-------+-------+-------+-------+-------++-------
Melee: Short sword       |   237 |   257 |   172 |       |       |       ||   666
       Quarterstaff      |       |       |   138 |       |       |       ||   138
       Whip              |       |       |   169 |  1210 |   347 |       ||  1726
       War axe           |       |       |       |    52 |       |       ||    52
       Rapier            |       |       |       |       |  1291 |    21 ||  1312
 Fire: Blowgun           |       |     6 |    21 |    50 |    17 |       ||    94
       Shortbow          |       |       |       |     8 |       |       ||     8
Throw: Tomahawk          |       |     5 |       |       |       |       ||     5
       Stone             |       |     3 |     1 |     8 |       |       ||    12
       Throwing net      |       |       |       |       |     3 |       ||     3
 Cast: Teleport Other    |       |     4 |     3 |    10 |     1 |       ||    18
       Shroud of Golubri |       |     1 |       |    17 |    67 |       ||    85
       Sticks to Snakes  |       |       |       |     3 |    10 |       ||    13
       Regeneration      |       |       |       |     8 |    41 |     1 ||    50
       Blink             |       |       |       |     1 |     5 |       ||     6
       Passage of Golubr |       |       |       |     1 |       |       ||     1
       Gell's Gravitas   |       |       |       |       |     5 |       ||     5
       Apportation       |       |       |       |       |     6 |       ||     6
       Confusing Touch   |       |       |       |       |     3 |       ||     3
       Cause Fear        |       |       |       |       |     2 |       ||     2
Invok: Call Merchant     |       |       |     1 |     4 |     2 |       ||     7
Evoke: Wand              |       |       |    11 |    57 |    16 |       ||    84
  Use: Scroll            |     7 |     6 |     9 |    13 |    13 |       ||    48
       Potion            |     2 |     1 |     2 |     8 |    10 |     1 ||    24
 Stab: Sleeping          |     3 |    10 |    18 |    32 |    31 |     1 ||    95
       Distracted        |     1 |     1 |     3 |    19 |    23 |       ||    47
       Invisible         |       |       |     3 |    13 |     4 |       ||    20
       Confused          |       |       |       |    10 |     3 |       ||    13
       Held in net/web   |       |       |       |       |     3 |       ||     3
       Fleeing           |       |       |       |       |     1 |       ||     1
  Eat: Royal jelly       |       |     1 |       |     5 |       |       ||     6
       Fruit             |       |     4 |     4 |    10 |    11 |       ||    29
Armor: Robe              |    24 |    31 |    22 |    26 |       |       ||   103
       Skin              |       |       |       |    45 |       |       ||    45
       Troll leather arm |       |       |       |    40 |   221 |     7 ||   268
Dodge: Dodged            |   206 |   258 |   552 |  1332 |  2048 |    61 ||  4457
